 Dungeon Crawl Stone Soup version 0.31-a0-978-g1e143483b6 (webtiles) character file.

Game seed: 17142410040660494487

6 lessens the Ducker (level 1, -3/20 HPs)
             Began as a Gnoll Gladiator on Oct 30, 2023.
             Slain by a kobold
             ... wielding a +1 whip of electrocution
              (19 damage)
             ... on level 1 of the Dungeon.
             The game lasted 00:00:23 (185 turns).

lessens the Ducker (Gnoll Gladiator)                 Turns: 185, Time: 00:00:23

Health: -3/20      AC:  7    Str: 13    XL:     1   Next: 90%
Magic:  1/1        EV: 11    Int:  7    God:
Gold:   43         SH:  0    Dex: 13    Spells: 0/0 levels left

rFire   . . .        a - +0 war axe
rCold   . . .        (no shield)
rNeg    . . .        h - +0 scale mail
rPois   .            c - +0 helmet
rElec   .            (no cloak)
rCorr   .            (no gloves)
SInv    .            (no boots)
Will    .....        (no amulet) Stlth
                     (no ring)
HPRegen 0.23/turn    (no ring)
MPRegen 0.07/turn

%: no passive effects
@: no status effects
A: fangs 1, strong nose, distributed training
a: no special abilities


You were on level 1 of the Dungeon.
You visited 1 branch of the dungeon, and saw 1 of its levels.

You collected 43 gold pieces.

Inventory:

Hand Weapons
 a - a +0 war axe (weapon)
Missiles
 d - 3 throwing nets (quivered)
 e - a javelin
Armour
 b - a +0 leather armour
 c - a +0 helmet (worn)
 h - a +0 scale mail (worn)
Scrolls
 f - a scroll of blinking {unknown}
 g - a scroll of silence {unknown}
Potions
 i - a potion of attraction {unknown}


   Skills:
 + Level 4.4 Fighting
 + Level 0.2 Short Blades
 + Level 0.2 Long Blades
 + Level 6.4 Axes
 + Level 0.2 Maces & Flails
 + Level 0.2 Polearms
 + Level 0.2 Staves
 + Level 0.2 Ranged Weapons
 + Level 4.4 Throwing
 + Level 0.2 Armour
 + Level 6.4 Dodging
 + Level 0.2 Stealth
 + Level 0.2 Shields
 + Level 0.2 Unarmed Combat
 + Level 0.2 Spellcasting
 + Level 0.1 Conjurations
 + Level 0.1 Hexes
 + Level 0.1 Summonings
 + Level 0.1 Necromancy
 + Level 0.1 Translocations
 + Level 0.1 Transmutations
 + Level 0.1 Fire Magic
 + Level 0.1 Ice Magic
 + Level 0.1 Air Magic
 + Level 0.1 Earth Magic
 + Level 0.1 Poison Magic
 + Level 0.3 Invocations
 + Level 0.2 Evocations
 + Level 0.2 Shapeshifting


You couldn't memorise any spells.
You didn't know any spells.
Your spell library was empty.

Dungeon Overview and Level Annotations

Branches:
Dungeon (1/15) Zot: 5810

Altars:


Innate Abilities, Weirdness & Mutations

You have very sharp teeth.
Your uncanny sense of smell can sniff out nearby items.
Your experience applies equally to all skills.


Message History

A goblin is nearby!
Found 7 gold pieces.
The goblin hits you but does no damage.
You see here a +0 leather armour.
You closely miss the goblin. The goblin hits you but does no damage.
You barely miss the goblin. Your bite misses the goblin.
The goblin closely misses you.
You closely miss the goblin.
The goblin hits you but does no damage. x2
You hit the goblin.
You kill the goblin!
No target in view!
No target in view!
You now have 36 gold pieces (gained 15).
You see here a +0 leather armour.
Things that are here:
a +0 dagger; a goblin corpse
Found a spear.
Found a hand axe.
You now have 43 gold pieces (gained 7).
A rat comes into view.
A rat is nearby!
A rat is nearby!
A kobold comes into view.
It is wielding a +1 whip of electrocution.
The kobold shouts!
The kobold throws a stone.
The stone hits you but does no damage. The rat closely misses you.
You hit the rat.
You kill the rat!
The kobold throws a stone.
The stone hits you but does no damage.
You barely miss the kobold. The kobold hits you but does no damage.
You completely miss the kobold. You bite the kobold, but do no damage.
The kobold barely misses you.
You hit the kobold.
The kobold is moderately wounded.
The kobold hits you but does no damage. The kobold closely misses you.
You closely miss the kobold. Your bite misses the kobold.
The kobold is moderately wounded.
The kobold hits you with a +1 whip of electrocution.
You are electrocuted!!
Ouch! That really hurt!
You die...

#..#.##.... # ..
#....##... ### #.##
#...#..#######..
...####........)[....
#.#.......#.....#... #
#....)......###.#...
#.#...................
#...?.................
#...K@..........#.....
#.##.†.........#..##..
#)....#.....##[###..
#..#####....... # ...#
#.##.##. .... .# .#
..## ∆. ..


You could see a kobold.

Vanquished Creatures
  2 ball pythons (D:1)
  An endoplasm (D:1)
  A goblin (D:1)
  A rat (D:1)
5 creatures vanquished.

Notes
Turn   | Place    | Note
-------+----------+-------------------------------------------
     0 | D:1      | lessens the Gnoll Gladiator began the quest for the Orb.
     0 | D:1      | Reached XP level 1. HP: 20/20 MP: 1/1
    61 | D:1      | Found a faded altar of an unknown god.
   185 | D:1      | Slain by a kobold

Illustrated notes

Levels and vault maps discovered:
D:1:      tarquinn_simple_flora_water_d, layout_rooms,
          dreamdust_ecumenical_altar_grove

Action                     || total
---------------------------++-------
  Melee: War axe           ||    18
         Bite              ||     3
 Armour: Scale mail        ||    10
         Leather armour    ||     2
  Dodge: Dodged            ||    15

Table legend: (Time is in decaauts)
 A = Elapsed time spent in this place.
 B = Non-inter-level travel time spent in this place.
 C = Inter-level travel time spent in this place.
 D = Time resting spent in this place.
 E = Time spent auto-exploring this place.
 F = Levels seen in this place.
 G = Mean time per level.
                   A        B        C        D        E       F      G
               +--------+--------+--------+--------+--------+-----+--------+
         Total |    188 |    188 |      0 |      0 |    108 |   1 |  188.0 |
       Dungeon |    188 |    188 |      0 |      0 |    108 |   1 |  188.0 |
               +--------+--------+--------+--------+--------+-----+--------+

Top non-repeatable levels by time:
     D:1: 188 daAuts

Levels and vault maps discovered:
D:1:      tarquinn_simple_flora_water_d, layout_rooms,
          dreamdust_ecumenical_altar_grove
